 Dungeon Crawl Stone Soup version 0.20.1-1-g8b1a95d (webtiles) character file.

201 slep the Covered (level 5, -1/41 HPs)
             Began as a Demonspawn Fighter on Oct 28, 2017.
             Was an Initiate of Cheibriados.
             Killed from afar by an orc wizard (4 damage)
             ... with a magic dart
             ... on level 3 of the Dungeon.
             The game lasted 00:10:54 (1961 turns).

slep the Covered (Demonspawn Fighter)               Turns: 1961, Time: 00:10:55

Health: -1/41      AC:  9    Str: 17    XL:     5   Next: 50%
Magic:  5/5        EV:  7    Int: 14    God:    Cheibriados [......]
Gold:   129        SH:  9    Dex: 14    Spells: 4/4 levels left

rFire    . . .     SeeInvis .   a - +0 long sword
rCold    . . .     Gourm    .   c - +0 shield
rNeg     . . .     Faith    .   b - +0 scale mail
rPois    .         Spirit   .   e - +0 helmet (curse)
rElec    .         Reflect  .   r - +0 cloak
rCorr    .         Harm     .   (no gloves)
MR       .....                  (no boots)
Stlth    ..........             (no amulet)
Regen    0.2/turn               z - +3 ring of intelligence
MPRegen  0.1/turn               (no ring)

@: slowed, very slow
A: hooves 2, demonic guardian 2
a: Bend Time, Renounce Religion


You were on level 3 of the Dungeon.
You worshipped Cheibriados.
Cheibriados was noncommittal.
You were not hungry.

You visited 1 branch of the dungeon, and saw 4 of its levels.

You collected 129 gold pieces.

Inventory:

Hand Weapons
 a - a +0 long sword (weapon)
 n - a +2 dagger of venom
 o - a +0 dagger of venom
Missiles
 q - 10 tomahawks (quivered)
Armour
 b - a +0 scale mail (worn)
 c - a +0 shield (worn)
 e - a cursed +0 helmet (worn)
 r - a +0 cloak (worn)
Jewellery
 z - a +3 ring of intelligence (left hand)
Wands
 v - a wand of enslavement (11/24)
Scrolls
 h - a scroll of identify {unknown}
 i - a scroll of random uselessness {unknown}
 j - 2 scrolls of recharging {unknown}
 l - a scroll of enchant armour {unknown}
 m - a scroll of magic mapping {unknown}
 s - a scroll of immolation {unknown}
 t - a scroll of amnesia {unknown}
 y - a scroll of blinking {unknown}
Potions
 d - a potion of might
 k - a potion of agility {unknown}
 w - a potion of magic {unknown}
 x - 2 potions of curing {unknown}
Books
 p - a book of Minor Magic

   Spells                             Type                      Level
   a - Magic Dart                     Conjuration                  1
   b - Blink                          Translocation                2
   c - Call Imp                       Summoning                    2
   d - Slow                           Hexes                        2
   e - Conjure Flame                  Conjuration/Fire             3
   f - Mephitic Cloud                 Conjuration/Poison/Air       3
Comestibles
 f - 4 bread rations
 g - 2 royal jellies
 u - 3 chunks of flesh


   Skills:
 + Level 3.6 Fighting
 + Level 0.6(2.0) Short Blades
 + Level 2.9(3.0) Long Blades
 + Level 3.9 Armour
 + Level 1.0 Dodging
 + Level 0.2 Stealth
 + Level 3.3 Shields


You had 4 spell levels left.
You didn't know any spells.

Dungeon Overview and Level Annotations

Branches:
Dungeon (4/15)
 Temple: D:4-7

Altars:
Cheibriados
Nemelex Xobeh
Trog


Innate Abilities, Weirdness & Mutations

You have hoof-like feet.
A demonic guardian rushes to your aid.


Message History

Your kick misses the orc wizard.
The orc wizard is almost dead.
You block the gnoll's attack.
The orc wizard hits you but does no damage.
The gnoll closely misses you. You block the orc wizard's attack.
You barely miss the orc wizard.
The orc wizard is almost dead.
The gnoll hits you.
* * * LOW HITPOINT WARNING * * *
The orc wizard barely misses you. The gnoll completely misses you.
The orc wizard completely misses you.
You closely miss the orc wizard.
You kick the orc wizard, but do no damage.
The orc wizard is severely wounded.
You block the gnoll's attack.
The orc wizard hits you but does no damage.
The gnoll hits you but does no damage.
The orc wizard gestures at you while chanting.
The magic dart hits you!
You die...

##.......##.### #.#.#
....#.........###.#.#
.##...#..#..#..##.#.#
.##..##.##.###.##.#.#
.##..##.##.# #.##.#.## #####
.....##.##.# #.##.#..# #....
###).##.#..# #.##.##.########<...
####.##.#.####.)))...............
.# #.##........g@o#.........#....
.###....#.#######..[...######....
....................##....# #####
...#.......######.####.##>#
.#...#.....######.# #.##.##
.###.#.........##.# #..#..# ##
#.......###....# ##..#.# ##
###.....# ####.# ##...# .#
#.....# ### #####


You could see an orc wizard and a gnoll.

Vanquished Creatures
  The ghost of SockMonkey the Shield-Bearer, an amateur OpFi (D:3)
  3 gnolls (D:3)
  3 adders
  2 oozes (D:2)
  A dart slug (D:1)
  2 leopard geckos (D:2)
  6 orcs (D:3)
  2 giant cockroaches
  10 goblins
  7 hobgoblins
  7 kobolds
  3 quokkas
  5 bats
  2 frilled lizards
  9 rats
63 creatures vanquished.

Notes
Turn   | Place    | Note
-------+----------+-------------------------------------------
     0 | D:1      | slep the Demonspawn Fighter began the quest for the Orb.
     0 | D:1      | Reached XP level 1. HP: 18/18 MP: 1/1
   243 | D:1      | Gained mutation: You have large cloven feet. [demonic ancestry]
   243 | D:1      | Reached XP level 2. HP: 21/24 MP: 2/2
   522 | D:2      | Gained mutation: A weak demonic guardian rushes to your aid. [demonic ancestry]
   522 | D:2      | Reached XP level 3. HP: 27/29 MP: 3/3
   774 | D:2      | Found a sparkling altar of Nemelex Xobeh.
  1070 | D:3      | Noticed SockMonkey's ghost (amateur OpFi)
  1087 | D:2      | Gained mutation: You have hoof-like feet. [demonic ancestry]
  1087 | D:2      | Reached XP level 4. HP: 16/36 MP: 4/4
  1486 | D:3      | Killed SockMonkey's ghost
  1486 | D:3      | Gained mutation: A demonic guardian rushes to your aid. [demonic ancestry]
  1486 | D:3      | Reached XP level 5. HP: 28/41 MP: 5/5
  1565 | D:3      | Found a bloodstained altar of Trog.
  1651 | D:3      | Found a snail-covered altar of Cheibriados.
  1659 | D:3      | Became a worshipper of Cheibriados the Contemplative
  1920 | D:4      | Noticed a phantom
  1927 | D:3      | Reached skill level 1 in Dodging
  1961 | D:3      | Killed from afar by an orc wizard

Skill      XL: |  1  2  3  4  5 |
---------------+----------------+-----
Shields        | 3 |  3.3
Long Blades    | 2 |  2.9
Armour         | 3 |  3.9
Dodging        | 1 |  1.0
Fighting       | |  3.6
Short Blades   | |  0.6
Stealth        | |  0.2

Action                   |  1- 3 |  4- 6 || total
-------------------------+-------+-------++-------
Melee: Long sword        |    97 |    47 ||   144
       Kick              |    20 |    18 ||    38
       Dagger            |    10 |    16 ||    26
Throw: Throwing net      |     1 |       ||     1
  Eat: Chunk             |     1 |     3 ||     4
Armor: Scale mail        |    48 |    31 ||    79
Dodge: Dodged            |    32 |    33 ||    65
Block: Shield            |    51 |    40 ||    91
       Rpst.: Long sword |    11 |     7 ||    18
